 Dungeon Crawl Stone Soup version 0.31-a0-881-ge136f0c47a (webtiles) character file.

Game seed: 6235168004781781053

5215 Arex the Mimic (level 10, -1/86 HPs)
             Began as a Hill Orc Shapeshifter on Oct 16, 2023.
             Was a Priest of Okawaru.
             Slain by a tengu warrior
             ... wielding a +2 great sword
              (2 damage)
             ... on level 9 of the Dungeon.
             The game lasted 00:27:48 (12947 turns).

Arex the Mimic (Hill Orc Shapeshifter)             Turns: 12947, Time: 00:27:49

Health: -1/86      AC: 11    Str: 22    XL:     10   Next: 61%
Magic:  14/14      EV:  9    Int: 10    God:    Okawaru [***...]
Gold:   553        SH:  0    Dex: 10    Spells: 9/9 levels left

rFire   + .          .
                       - Unarmed
rCold   x . .        (shield currently unavailable)
rNeg    . . .        B - +0 chain mail
rPois   .            (no helmet)
rElec   .            (no cloak)
rCorr   .            (no gloves)
SInv    .            A - +0 pair of boots
Will    .....        (no amulet) Stlth
                     e - ring of fire
HPRegen 0.34/turn    (no ring)
MPRegen 0.14/turn

%: no passive effects
@: flux-form, glowing
A: glow, contaminating
a: Begin Untransformation, Renounce Religion, Heroism


You were on level 9 of the Dungeon.
You worshipped Okawaru.
Okawaru was most pleased with you.
You were something dangerously unstable.
You visited 2 branches of the dungeon, and saw 10 of its levels.

You collected 553 gold pieces.

Inventory:

Armour
 a - a +0 animal skin
 b - a +0 scale mail
 l - a +0 robe
 A - a +0 pair of boots (worn)
 B - a +0 chain mail (worn)
Jewellery
 e - a ring of fire (left hand)
Talismans
 c - a beast talisman
 d - a flux talisman (active)
Wands
 m - a wand of flame (20)
Scrolls
 f - a scroll of revelation
 h - a scroll of amnesia
 i - 3 scrolls of teleportation
 k - 2 scrolls of poison
 p - a scroll of vulnerability {unknown}
 t - 2 scrolls of fog {unknown}
 w - 2 scrolls of blinking {unknown}
 x - 2 scrolls of silence
 y - a scroll of brand weapon {unknown}
 C - a scroll of torment
Potions
 g - 3 potions of attraction
 j - 2 potions of brilliance
 n - a potion of cancellation {unknown}
 o - a potion of enlightenment {unknown}
 q - a potion of lignification
 r - 2 potions of degeneration {unknown}
 s - a potion of haste {unknown}
 u - a potion of invisibility {unknown}
 v - 2 potions of heal wounds {unknown}
 z - a potion of experience {unknown}


   Skills:
 + Level 7.6 Fighting
 + Level 6.7 Armour
 - Level 2.3 Dodging
 + Level 7.6 Unarmed Combat
 + Level 6.2 Invocations
 + Level 8.5 Shapeshifting


You had 9 spell levels left.
You didn't know any spells.
Your spell library contained the following spells:

 Spells                   Type           Power      Damage    Failure   Level
 Necrotise                Necr           0%         1d4       91%         1
 Sandblast                Erth           0%         2d4       91%         1
 Passwall                 Tmut/Erth      0%         N/A       97%         2
 Wereblood                Tmut           0%         N/A       97%         2
 Stone Arrow              Conj/Erth      0%         3d7       99%         3
 Vampiric Draining        Necr           0%         2d6       99%         3
 Brom's Barrelling Bould  Conj/Erth      0%         2d3       100%        4
 Agony                    Necr           0%         N/A       100%        5
 Irradiate                Conj/Tmut      0%         3d11      100%        5


Dungeon Overview and Level Annotations

Branches:
Dungeon (9/15)             Temple (1/1) D:4
   Lair: D:8-11         Orc: D:9-12

Altars:
Ashenzari
Cheibriados
Dithmenos
Elyvilon
Fedhas
Gozag
Hepliaklqana
Kikubaaqudgha
Makhleb
Nemelex Xobeh
Okawaru
Qazlal
Ru
Sif Muna
Uskayaw
Vehumet
Wu Jian
Xom
Yredelemnul
Zin
The Shining One


Message History

The troll bites you. The troll claws you.
The troll claws you but does no damage.
The tengu warrior hits you with a +2 great sword!
The tengu warrior pecks you but does no damage.
The tengu warrior claws you but does no damage.
You punch the tengu warrior!
The tengu warrior glows dangerously bright.
The tengu warrior is heavily wounded.
The troll bites you. The troll claws you but does no damage.
The troll barely misses you.
The tengu warrior hits you but does no damage.
The tengu warrior pecks you but does no damage.
The tengu warrior claws you.
You closely miss the tengu warrior.
The tengu warrior is heavily wounded.
The troll bites you.
* * * LOW HITPOINT WARNING * * *
The troll closely misses you. x2; The tengu warrior barely misses you.
The tengu warrior closely misses you. The tengu warrior barely misses you.
Unknown command.
You hit the tengu warrior but do no damage.
The tengu warrior shudders as magic cascades through it!
The tengu warrior twists and deforms.
The tengu warrior is severely wounded.
The troll barely misses you. The troll claws you!
* * * LOW HITPOINT WARNING * * *
The troll claws you.
* * * LOW HITPOINT WARNING * * *
The tengu warrior hits you but does no damage.
The tengu warrior closely misses you. The tengu warrior barely misses you.
You hit the tengu warrior.
The tengu warrior begins to glow.
The tengu warrior is almost dead.
The troll bites you!
* * * LOW HITPOINT WARNING * * *
The troll claws you but does no damage. The troll barely misses you.
The tengu warrior hits you with a +2 great sword.
* * * LOW HITPOINT WARNING * * *
The tengu warrior pecks you but does no damage.
The tengu warrior claws you.
You die...

## #.))# >### ## #..##
.#.### ..## #.##
.#...### ....# ##.#
.#.8...### ... #.<#
.#.......###... #.##
.)).......>###.# ##.#
.#.......###...T####..#
.#.8...###......pQ...##
.#...### ....#..######
.#.### . #..# >### #.#
## ... ##. . ..


You could see a tengu warrior (contam, misshapen) and a troll.

Vanquished Creatures
  A two-headed ogre (D:7)
  Pikel (D:5)
  A deep elf pyromancer (D:9)
  A meliai (D:9)
  Sigmund (D:5)
  A wyvern (D:8)
  A water moccasin (D:8)
  2 black bears
  An orc warrior (D:9)
  3 ice beasts
  4 ogres
  2 centaurs
  3 kobold brigands
  4 scorpions
  3 bullfrogs
  A howler monkey (D:7)
  9 electric eels (D:8)
  5 hounds
  2 jellies (D:5)
  2 gnoll boudas
  8 orc priests
  Jessica (D:2)
  Terence (D:2)
  2 orc wizards
  5 iguanas
  16 gnolls
  6 adders
  4 shadow imps
  2 worms (D:2)
  21 orcs
  4 bats
  5 endoplasms
  2 giant cockroaches
  6 goblins
  9 hobgoblins
  4 jackals (D:1)
  21 kobolds
  8 quokkas
  12 ball pythons
  4 frilled lizards
  4 rats
193 creatures vanquished.

Notes
Turn   | Place    | Note
-------+----------+-------------------------------------------
     0 | D:1      | Arex the Hill Orc Shapeshifter began the quest for the Orb.
     0 | D:1      | Reached XP level 1. HP: 16/16 MP: 1/1
    28 | D:1      | Reached XP level 2. HP: 21/23 MP: 2/2
   353 | D:1      | Reached skill level 3 in Shapeshifting
   373 | D:1      | Reached XP level 3. HP: 24/29 MP: 3/3
   435 | D:1      | Reached skill level 1 in Armour
   838 | D:2      | Reached XP level 4. HP: 31/36 MP: 4/4
  1085 | D:2      | Noticed Jessica
  1086 | D:2      | Noticed Terence
  1096 | D:2      | Killed Terence
  1097 | D:2      | Killed Jessica
  1098 | D:2      | Reached XP level 5. HP: 42/42 MP: 5/5
  3213 | D:4      | Found a hide-covered altar of Uskayaw.
  3247 | D:4      | Noticed a black bear
  3257 | D:4      | Killed a black bear
  3258 | D:4      | Reached skill level 4 in Shapeshifting
  3258 | D:4      | Reached XP level 6. HP: 19/51 MP: 6/6
  3526 | D:4      | Reached XP level 7. HP: 14/58 MP: 7/7
  4471 | D:4      | Reached skill level 5 in Unarmed Combat
  5078 | D:4      | Found a staircase to the Ecumenical Temple.
  5108 | D:4      | Reached skill level 5 in Shapeshifting
  5132 | Temple   | Entered the Ecumenical Temple
  5136 | Temple   | Became a worshipper of Warmaster Okawaru
  5178 | D:5      | Entered Level 5 of the Dungeon
  5287 | D:5      | Reached XP level 8. HP: 44/67 MP: 8/8
  5652 | D:5      | Found a sacrificial altar of Ru.
  6266 | D:5      | Noticed Pikel
  6314 | D:5      | Killed Pikel
  6314 | D:5      | Reached * piety under Okawaru
  6315 | D:5      | Reached skill level 7 in Shapeshifting
  6914 | D:5      | Noticed Sigmund
  6938 | D:5      | Killed Sigmund
  6939 | D:5      | Reached skill level 5 in Fighting
  6939 | D:5      | Reached skill level 1 in Invocations
  6939 | D:5      | Reached XP level 9. HP: 37/74 MP: 8/10
  7669 | D:6      | Reached ** piety under Okawaru
  8377 | D:6      | Reached skill level 5 in Armour
  8930 | D:7      | Noticed a two-headed ogre
  8941 | D:7      | Killed a two-headed ogre
  8969 | D:7      | Reached skill level 8 in Shapeshifting
  9099 | D:7      | Found a shimmering altar of Xom.
  9225 | D:7      | Reached XP level 10. HP: 77/84 MP: 13/13
  9691 | D:7      | Reached skill level 5 in Invocations
 10981 | D:8      | Found a basalt altar of Yredelemnul.
 12256 | D:9      | Noticed a deep elf pyromancer
 12261 | D:9      | Reached *** piety under Okawaru
 12267 | D:9      | Killed a deep elf pyromancer
 12936 | D:9      | Noticed a tengu warrior
 12947 | D:9      | HP: 4/86 [troll (9)]
 12947 | D:9      | HP: 1/86 [tengu warrior/+2 great sword (3)]
 12947 | D:9      | Slain by a tengu warrior

Illustrated notes

Levels and vault maps discovered:
D:1:      nzn_arrival_settlement, layout_basic
D:2:      layout_rooms, uniq_terence, uniq_jessica
D:3:      layout_basic
D:4:      minmay_bubble_buster, layout_loops_corners,
          mainiacjoe_overflow_24_doors, temple_hall_moat
D:5:      layout_cave_pods, nicolae_ru_sacrificial_ziggurat, uniq_pikel,
          uniq_sigmund
D:6:      layout_basic, nrook_loot_triangle
D:7:      layout_gridville, mainiacjoe_overflow_surrounded_room, enter_bailey_4,
          columned_hall_lemuel
D:8:      layout_gridville, mainiacjoe_overflow_six_doors_small,
          kennysheep_boxes
D:9:      minmay_diamond_stairs, layout_basic, orc_david_3, uniq_amaemon
Temple:   sentei_temple_godly_chess

Skill      XL: |  1  2  3  4  5  6  7  8  9 10 |
---------------+-------------------------------+-----
Shapeshifting  | 3 4 5 7 8 |  8.5
Armour         | 1 2 3 4 5 6 |  6.7
Fighting       | 2 3 4 5 6 7 |  7.6
Dodging        | 2 |  2.3
Unarmed Combat | 4 5 6 7 |  7.6
Invocations    | 1 4 6 |  6.2

Action                     |  1- 3 |  4- 6 |  7- 9 | 10-12 || total
---------------------------+-------+-------+-------+-------++-------
  Melee: Unarmed           |    67 |   134 |   367 |   177 ||   745
         Punch             |       |     2 |     9 |       ||    11
 Invoke: Heroism           |       |       |     1 |     3 ||     4
  Evoke: Wand              |       |       |       |     8 ||     8
    Use: Scroll            |     1 |     2 |     4 |     1 ||     8
         Potion            |       |     1 |     4 |     1 ||     6
 Armour: Animal skin       |    24 |       |       |       ||    24
         Robe              |     3 |    10 |       |       ||    13
         Skin              |       |     3 |       |       ||     3
         Scale mail        |       |    95 |   239 |    34 ||   368
         Chain mail        |       |       |       |   146 ||   146
  Dodge: Dodged            |    45 |    78 |   159 |   113 ||   395
   Form: Flux              |       |       |     1 |     1 ||     2
                           |       |       |       |     1 ||     1

Table legend: (Time is in decaauts)
 A = Elapsed time spent in this place.
 B = Non-inter-level travel time spent in this place.
 C = Inter-level travel time spent in this place.
 D = Time resting spent in this place.
 E = Time spent auto-exploring this place.
 F = Levels seen in this place.
 G = Mean time per level.
                   A        B        C        D        E       F      G
               +--------+--------+--------+--------+--------+-----+--------+
         Total |  12911 |  12221 |    690 |   5050 |   5558 |  10 | 1291.1 |
       Dungeon |  12902 |  12218 |    684 |   5050 |   5558 |   9 | 1433.6 |
        Temple |      8 |      2 |      6 |      0 |      0 |   1 |    8.0 |
               +--------+--------+--------+--------+--------+-----+--------+

Top non-repeatable levels by time:
     D:8: 2414 daAuts
     D:4: 2064 daAuts
     D:5: 1874 daAuts
     D:6: 1735 daAuts
     D:3: 1273 daAuts
     D:2: 1057 daAuts
     D:7: 984 daAuts
     D:1: 816 daAuts
     D:9: 681 daAuts
  Temple: 8 daAuts
